Map: Eternal Empire LE

Players

goblin - Winner!

  • Race: Protoss Protoss
  • League: Master
  • Spawn Location: 7:00

Denver

  • Race: Zerg Zerg
  • League: Grandmaster
  • Spawn Location: 1:00

Event: StayAtHomestory Cup #1

VOD

Have the link to the VOD?

Description

Time

  • Played on: April 10, 2020, 10:11 a.m.
  • Length: 12:51

All games in this series

Show
View Real Time Build Order
Export as new Build Order

goblin Protoss - Winner!

Build Orders: 1 Gate Expand, Phoenix Opening, Mass Phoenix 

Get SALT Encoding   

  12  0:01  Probe  
  13  0:13  Probe  
  14  0:19  Pylon  
  14  0:25  Probe (Chrono Boost)  
  15  0:38  Probe (Chrono Boost)  
  15  0:39  Gateway  
  16  0:46  Probe (Chrono Boost)  
  16  0:48  Assimilator  
  17  0:52  Probe  
  18  1:04  Probe  
  19  1:20  Probe  
  20  1:30  Cybernetics Core  
  20  1:36  Nexus  
  20  1:43  Zealot (Chrono Boost)  
  22  1:50  Pylon  
  22  1:52  Probe  
  23  1:58  Assimilator  
  23  2:07  Stalker (Chrono Boost)  
  23  2:08  Probe (Chrono Boost)  
  26  2:20  Probe (Chrono Boost)  
  27  2:25  Probe (Chrono Boost)  
  28  2:31  Stargate  
  28  2:34  Probe  
  29  2:42  Warp Gate  
  29  2:45  Gateway  
  29  2:48  Probe (Chrono Boost)  
  31  2:51  Probe (Chrono Boost)  
  31  2:57  Probe (Chrono Boost)  
  32  3:00  Probe (Chrono Boost)  
  32  3:01  Adept  
  32  3:02  Probe (Chrono Boost)  
  37  3:13  Probe (Chrono Boost)  
  37  3:14  Probe (Chrono Boost)  
  37  3:15  Phoenix  
  40  3:24  Pylon  
  40  3:27  Probe x2 (Chrono Boost)  
  42  3:35  Probe  
  42  3:37  Probe  
  42  3:40  Phoenix, Assimilator  
  46  3:48  Probe (Chrono Boost)  
  47  3:49  Probe (Chrono Boost)  
  47  3:50  Assimilator  
  48  3:57  Pylon  
  48  3:59  Stargate  
  48  4:01  Probe (Chrono Boost)  
  50  4:05  Probe (Chrono Boost)  
  50  4:06  Phoenix (Chrono Boost)  
  50  4:07  Probe (Chrono Boost)  
  53  4:11  Probe (Chrono Boost)  
  53  4:15  Probe, Pylon  
  55  4:23  Probe  
  56  4:27  Phoenix (Chrono Boost)  
  56  4:28  Probe  
  59  4:35  Probe  
  59  4:36  Protoss Air Weapons Level 1  
  60  4:39  Pylon  
  60  4:43  Phoenix  
  62  4:46  Phoenix  
  64  5:08  Phoenix (Chrono Boost), Nexus  
  64  5:10  Pylon  
  64  5:11  Phoenix (Chrono Boost)  
  68  5:16  Probe x2  
  70  5:21  Pylon  
  70  5:32  Phoenix (Chrono Boost)  
  70  5:33  Probe x2  
  70  5:34  Phoenix (Chrono Boost)  
  70  5:35  Shield Battery  
  76  5:45  Probe x2  
  76  5:48  Phoenix  
  80  5:54  Phoenix  
  82  5:57  Probe x2  
  84  6:09  Probe  
  84  6:10  Probe  
  86  6:12  Assimilator  
  86  6:13  Phoenix  
  86  6:15  Pylon  
  86  6:17  Assimilator  
  88  6:19  Phoenix  
  88  6:22  Probe (Chrono Boost)  
  88  6:23  Robotics Facility  
  88  6:25  Probe x2 (Chrono Boost)  
  94  6:33  Probe (Chrono Boost)  
  94  6:35  Probe (Chrono Boost)  
  94  6:37  Probe (Chrono Boost)  
  94  6:38  Phoenix, Probe (Chrono Boost)  
  99  6:40  Probe (Chrono Boost)  
  99  6:46  Probe  
  99  6:47  Phoenix  
  99  6:48  Probe  
  99  6:51  Probe, Zealot  
  105  6:55  Robotics Facility  
  105  6:57  Forge  
  105  6:58  Probe  
  106  7:02  Probe  
  106  7:03  Phoenix, Probe  
  110  7:10  Immortal  
  110  7:13  Fleet Beacon  
  114  7:16  Gateway  
  114  7:18  Phoenix, Gateway, Twilight Council  
  116  7:33  Protoss Shields Level 1, Pylon x2  
  116  7:38  Pylon  
  116  7:45  Phoenix  
  116  7:49  Probe  
  116  7:50  Probe, Nexus  
  116  7:51  Immortal  
  116  7:52  Pylon  
  116  7:53  Zealot  
  116  7:57  Anion Pulse-Crystals  
  122  8:03  Photon Cannon  
  122  8:05  Protoss Air Weapons Level 2 (Chrono Boost)  
  122  8:08  Phoenix  
  124  8:13  Stalker x3  
  124  8:18  Phoenix  
  130  8:21  Photon Cannon  
  130  8:24  Photon Cannon, Shield Battery  
  130  8:32  Immortal  
  134  8:36  Phoenix  
  134  8:41  Blink (Chrono Boost)  
  135  8:45  Photon Cannon  
  135  8:47  Assimilator  
  135  8:51  Assimilator  
  135  8:53  Templar Archives  
  135  8:58  Gateway  
  135  9:01  Gateway  
  133  9:08  Phoenix x2  
  137  9:14  Immortal  
  141  9:17  Gateway  
  141  9:19  Gateway  
  141  9:21  Probe x2  
  135  9:33  Phoenix x2  
  135  9:36  Protoss Ground Weapons Level 1 (Chrono Boost)  
  131  9:54  Stalker x2  
  131  9:58  Phoenix x2  
  139  10:04  Stalker  
  139  10:05  Stalker x3  
  147  10:11  Warp Prism  
  149  10:17  Protoss Air Weapons Level 3 (Chrono Boost)  
  149  10:18  Photon Cannon  
  149  10:24  Phoenix  
  149  10:25  Phoenix  
  153  10:32  Shield Battery  
  153  10:34  Photon Cannon  
  153  10:38  Photon Cannon  
  153  10:39  Photon Cannon, Stalker x2  
  153  10:40  Stalker  
  153  10:41  Shield Battery  
  159  10:43  Pylon  
  159  10:54  Stalker x2  
  159  10:56  Charge (Chrono Boost)  
  163  11:00  Pylon  
  163  11:02  Pylon  
  163  11:05  Pylon  
  163  11:07  Pylon  
  163  11:10  Gateway  
  157  11:14  Gateway  
  157  11:21  High Templar x6, Immortal (Chrono Boost)  
  157  11:22  Stalker x2  
  177  11:27  Archon x2  
  177  11:28  Probe  
  177  11:29  Probe  
  179  11:38  Probe x2  
  177  11:47  Archon  
  177  11:48  Pylon  
  177  11:53  Observer (Chrono Boost)  
  177  11:54  Stalker x5  
  180  11:58  High Templar x2, Zealot  
  194  12:02  Archon  
  194  12:05  Observer  
  175  12:27  Stalker x4  
Show
View Real Time Build Order
Export as new Build Order

Denver Zerg 

Build Orders: Pool First 

Get SALT Encoding   

  12  0:00  Drone  
  13  0:13  Overlord  
  13  0:17  Drone  
  14  0:32  Drone x2  
  16  0:41  Spawning Pool  
  15  0:44  Drone  
  15  0:48  Drone  
  17  1:09  Hatchery  
  16  1:13  Drone  
  17  1:19  Extractor  
  17  1:25  Drone  
  17  1:28  Zergling x2  
  17  1:32  Queen  
  20  1:39  Overlord  
  20  1:45  Drone  
  21  1:57  Drone  
  22  2:05  Drone  
  22  2:07  Queen  
  25  2:13  Drone  
  26  2:24  Drone  
  26  2:25  Drone  
  28  2:34  Hatchery  
  28  2:36  Drone  
  28  2:39  Drone  
  28  2:42  Drone  
  29  2:44  Drone  
  29  2:48  Drone  
  29  2:50  Drone  
  32  2:54  Pneumatized Carapace  
  32  3:00  Overlord  
  32  3:02  Drone  
  32  3:04  Drone  
  34  3:06  Drone  
  35  3:13  Overlord  
  35  3:18  Drone  
  35  3:19  Drone x3  
  39  3:25  Overlord  
  39  3:31  Drone, Queen  
  42  3:34  Spore Crawler  
  42  3:39  Overlord  
  41  3:43  Drone  
  42  3:49  Overlord  
  42  3:54  Roach Warren  
  42  3:55  Spore Crawler, Drone  
  41  3:57  Drone x2  
  41  3:58  Drone  
  41  4:00  Drone  
  41  4:02  Drone  
  46  4:05  Overlord  
  46  4:07  Drone  
  47  4:12  Spore Crawler  
  47  4:16  Drone x4  
  50  4:21  Metabolic Boost  
  50  4:22  Drone  
  50  4:23  Drone  
  50  4:24  Drone  
  53  4:27  Drone x2  
  56  4:31  Drone  
  56  4:33  Extractor  
  56  4:34  Extractor  
  56  4:35  Queen  
  56  4:39  Lair  
  56  4:42  Drone  
  56  4:43  Drone x2  
  59  4:46  Drone  
  59  4:47  Drone x2  
  59  4:52  Overlord  
  62  4:54  Roach x2  
  62  4:57  Extractor  
  62  4:58  Drone x4  
  68  5:05  Overlord  
  68  5:06  Overlord x2  
  67  5:10  Overlord  
  67  5:13  Queen  
  70  5:16  Spore Crawler  
  70  5:19  Overlord  
  69  5:25  Spore Crawler, Drone x5  
  69  5:27  Spore Crawler  
  72  5:30  Drone x4  
  72  5:34  Drone x3  
  79  5:43  Spire  
  79  5:44  Spore Crawler, Drone x4  
  78  5:55  Drone  
  78  5:56  Extractor  
  77  5:57  Extractor  
  77  5:59  Extractor  
  77  6:01  Spore Crawler, Drone x4  
  77  6:03  Drone  
  77  6:04  Drone  
  80  6:08  Spore Crawler  
  78  6:11  Queen  
  78  6:13  Drone x2  
  78  6:16  Spore Crawler  
  81  6:21  Spore Crawler  
  81  6:22  Spore Crawler  
  81  6:25  Hatchery, Drone  
  79  6:26  Drone x2  
  79  6:27  Queen  
  82  6:38  Overlord x2  
  80  6:40  Overlord  
  80  6:42  Overlord x2  
  74  6:56  Overlord  
  74  6:57  Corruptor x5  
  84  7:03  Corruptor, Zerg Flyer Weapons Level 1  
  84  7:04  Corruptor  
  83  7:09  Corruptor  
  83  7:11  Drone  
  83  7:12  Drone x2  
  88  7:16  Corruptor  
  88  7:20  Corruptor  
  92  7:24  Corruptor  
  92  7:27  Corruptor  
  96  7:30  Corruptor  
  96  7:35  Corruptor  
  100  7:38  Corruptor  
  100  7:40  Overlord  
  101  7:47  Corruptor  
  101  7:49  Zergling x8  
  101  7:50  Zergling x2  
  106  7:54  Corruptor  
  106  7:56  Drone x2  
  110  7:59  Corruptor  
  110  8:05  Drone x5  
  117  8:06  Drone  
  117  8:07  Drone  
  119  8:13  Corruptor  
  119  8:19  Drone x6  
  127  8:24  Overlord x3  
  126  8:29  Hydralisk Den  
  123  8:41  Drone x3  
  123  8:43  Evolution Chamber  
  123  8:44  Hatchery  
  123  8:45  Roach x4  
  130  8:49  Queen  
  130  8:53  Roach x3  
  138  8:59  Roach x4  
  146  9:06  Roach x3  
  146  9:07  Overlord x2  
  146  9:09  Zerg Missile Weapons Level 1  
  150  9:10  Overlord  
  150  9:13  Overlord  
  150  9:15  Overlord x2  
  142  9:37  Roach x3  
  142  9:38  Roach x10  
  162  9:39  Queen  
  162  9:42  Unknown  
  162  9:43  Corruptor x3  
  161  9:52  Corruptor  
  161  9:53  Corruptor x2  
  157  10:00  Zergling x18  
  157  10:05  Corruptor  
  158  10:11  Glial Reconstitution  
  158  10:21  Drone x9  
  165  10:22  Corruptor  
  165  10:32  Corruptor x3  
  171  10:38  Corruptor x2  
  175  10:47  Corruptor x3  
  175  10:53  Overlord x2  
  175  10:56  Roach  
  179  10:57  Roach x3  
  177  11:06  Roach  
  177  11:07  Roach x2  
  177  11:08  Overlord  
  177  11:10  Overlord x2  
  172  11:12  Corruptor x2  
  171  11:23  Roach x4  
  177  11:28  Drone  
  177  11:29  Zergling x8, Evolution Chamber  
  181  11:35  Corruptor  
  181  11:43  Corruptor x2  
  181  11:45  Zergling x10  
  187  11:47  Ravager  
  187  11:48  Ravager x2  
  187  11:53  Corruptor  
  192  11:55  Zergling x12  
  192  12:00  Ravager  
  190  12:21  Roach x13  
  190  12:22  Roach  
  179  12:28  Roach x5  
  173  12:31  Roach x2  
Tags
 
Add a new tag
Caveats
  • Supply blocks, unpowered buildings, or Contaminate may cause inaccurate times.
  • Supply counts are checked every 10 seconds.